 Dungeon Sprint DCSS version 0.27-a0-1325-g58a489ad9e (webtiles) character file.

Game seed: 4097522134432131652

112184 howech the Axe Maniac (level 16, 0/162 HPs)
             Began as a Minotaur Gladiator on June 24, 2021.
             Was the Champion of Trog.
             Slain by Gloorx Vloq (7 damage)
             ... in the Dungeon (Sprint VII: "The Pits").
             The game lasted 00:53:56 (9187 turns).

howech the Axe Maniac (Minotaur Gladiator)          Turns: 9187, Time: 00:53:57

Health: 0/162      AC: 41    Str: 24    XL:     16   Next: 11%
Magic:  15/15      EV: 16    Int:  5    God:    Trog [******]
Gold:   35         SH:  5    Dex: 22    Spells: 15/15 levels left

rFire    + + .     SeeInvis +   x - +12 executioner's axe "Mogiuts" {vorpal, rPois Str+5}
rCold    + . .     Faith    .   (shield currently unavailable)
rNeg     . . .     Spirit   .   d - +8 gold dragon scales
rPois    +         Reflect  +   c - +2 hat
rElec    .         Harm     .   T - +1 cloak {rCorr}
rCorr    +         Rampage  .   P - +2 pair of gloves {Dex+3}
Will     +++..     NoTele   +   O - +0 pair of boots of a Gauntlet {SInv}
Stlth    ..........             w - amulet "Racuc" {Reflect -Tele rPois rF+ Slay+5 SH+5}
HPRegen  1.37/turn              J - +5 ring of slaying
MPRegen  0.14/turn              F - +5 ring of slaying

@: strong-willed, regenerating, slowed, studying 3 skills, very slow
A: horns 2, retaliatory headbutt
a: Renounce Religion, Berserk, Trog's Hand, Brothers in Arms


You were in the Dungeon.
You worshipped Trog.
Trog was exalted by your worship.
You visited 1 branch You collected 35 gold pieces.

Inventory:

Hand Weapons
 b - a +5 antimagic executioner's axe
 p - a +7 executioner's axe
 q - a +1 quarterstaff of flaming
 r - the +3 battleaxe of Killer Bee's Bane {vorpal, +Rage rPois rC+ Str-4}
   (Trog gifted it to you in the Dungeon)

   It inflicts extra damage upon your enemies.
   It affects your strength (-4).
   It protects you from cold.
   It protects you from poison.
   It lets you go berserk.
 x - the +12 executioner's axe "Mogiuts" (weapon) {vorpal, rPois Str+5}
   (Trog gifted it to you in the Dungeon)

   It inflicts extra damage upon your enemies.
   It affects your strength (+5).
   It protects you from poison.
 G - the +5 battleaxe "Nuof" {vorpal, Dex+2}
   (Trog gifted it to you in the Dungeon)

   It inflicts extra damage upon your enemies.
   It affects your dexterity (+2).
 K - the +8 lajatang "Ononn" {vorpal, Str+4 Stlth+}
   (Trog gifted it to you in the Dungeon)

   It inflicts extra damage upon your enemies.
   It affects your strength (+4).
   It makes you more stealthy.
 L - the +7 lajatang of Order {silver, rMut}
   (You found it in the Dungeon)

   It protects you from mutation.
 M - the +5 battleaxe "Monniuti" {vorpal, Will+ Int+2}
   (You found it in the Dungeon)

   It inflicts extra damage upon your enemies.
   It affects your intelligence (+2).
   It increases your willpower.
Missiles
 n - 10 poisoned darts (quivered)
 E - 2 silver javelins
Armour
 c - a +2 hat (worn)
 d - +8 gold dragon scales (worn)
 u - +0 steam dragon scales
 N - a +6 chain mail
 O - the +0 pair of boots of a Gauntlet (worn) {SInv}
   (You found it in the Dungeon)

   It lets you see invisible.
 P - a +2 pair of gloves of dexterity (worn)
 Q - +4 ice dragon scales
 T - a +1 cloak of preservation (worn)
 V - a +7 plate armour
Jewellery
 m - a ring of protection from fire
 o - a +6 ring of evasion
 w - the amulet "Racuc" (around neck) {Reflect -Tele rPois rF+ Slay+5 SH+5}
   (You found it in the Dungeon)

   [amulet of reflection]

   It reflects blocked missile attacks.
   It affects your accuracy and damage with ranged weapons and melee attacks
   (+5).
   It protects you from fire.
   It protects you from poison.
   It prevents most forms of teleportation.
   It affects your SH (+5).
 F - a +5 ring of slaying (right hand)
 H - a +4 ring of protection
 J - a +5 ring of slaying (left hand)
 S - a +4 ring of evasion
 U - a ring of resist corrosion
 Y - a ring of protection from cold
 Z - a +6 ring of evasion
Wands
 k - a wand of iceblast (5)
 I - a wand of flame (17)
Scrolls
 j - 3 scrolls of blinking
 y - 4 scrolls of identify
 A - 3 scrolls of fog
 R - 3 scrolls of enchant armour
 W - 2 scrolls of enchant weapon
 X - 3 scrolls of fear
Potions
 a - 6 potions of might
 e - 13 potions of curing
 f - 15 potions of heal wounds
 g - 8 potions of haste
 h - 9 potions of magic
 i - 6 potions of berserk rage
 l - 2 potions of invisibility
 z - 5 potions of mutation
 B - a potion of flight


   Skills:
 + Level 19.7 Fighting
 O Level 27 Axes
 - Level 14.0 Staves
 + Level 18.5 Throwing
 + Level 20.3 Armour
 + Level 19.1 Dodging
 + Level 13.3 Unarmed Combat
 + Level 18.0 Evocations


You had 15 spell levels left.
You didn't know any spells.
Your spell library contained the following spells:

 Spells                   Type           Power      Damage    Failure   Level
 Animate Skeleton         Necr           0%         N/A       100%        1
 Corona                   Hex            0%         N/A       100%        1
 Magic Dart               Conj           0%         1d3       100%        1
 Pain                     Necr           0%         1d4       100%        1
 Sting                    Tmut/Pois      0%         1d3       100%        1
 Summon Small Mammal      Summ           0%         N/A       100%        1
 Blink                    Tloc           N/A        N/A       100%        2
 Call Imp                 Summ           0%         N/A       100%        2
 Slow                     Hex            0%         N/A       100%        2
 Sublimation of Blood     Necr           0%         N/A       100%        2
 Call Canine Familiar     Summ           0%         N/A       100%        3
 Conjure Flame            Conj/Fire      0%         6-21      100%        3
 Gell's Gravitas          Tloc           0%         N/A       100%        3
 Ignite Poison            Fire/Tmut/Pois 0%         N/A       100%        3
 Inner Flame              Hex/Fire       0%         N/A       100%        3
 Mephitic Cloud           Conj/Pois/Air  0%         N/A       100%        3
 Portal Projectile        Hex/Tloc       0%         N/A       100%        3
 Stone Arrow              Conj/Erth      0%         3d7       100%        3
 Summon Guardian Golem    Hex/Summ       0%         N/A       100%        3
 Vampiric Draining        Necr           0%         2d6       100%        3
 Animate Armour           Summ/Erth      0%         N/A       100%        4
 Animate Dead             Necr           0%         N/A       100%        4
 Cause Fear               Hex            0%         N/A       100%        4
 Leda's Liquefaction      Hex/Erth       0%         N/A       100%        4
 Passage of Golubria      Tloc           N/A        N/A       100%        4
 Petrify                  Tmut/Erth      0%         N/A       100%        4
 Summon Ice Beast         Ice/Summ       0%         N/A       100%        4
 Summon Lightning Spire   Summ/Air       0%         N/A       100%        4
 Agony                    Necr           0%         N/A       100%        5
 Alistair's Intoxication  Tmut/Pois      0%         N/A       100%        5
 Bolt of Magma            Conj/Fire/Erth 0%         4d4       100%        5
 Borgnjor's Vile Clutch   Necr/Erth      0%         N/A       100%        5
 Irradiate                Conj/Tmut      0%         3d13      100%        5
 Iskenderun's Battlesphe  Conj           0%         2d6       100%        5
 Manifold Assault         Tloc           0%         N/A       100%        5
 Silence                  Hex/Air        0%         N/A       100%        5
 Dispersal                Tloc           0%         N/A       100%        6
 Eringya's Noxious Bog    Tmut/Pois      0%         N/A       100%        6
 Iron Shot                Conj/Erth      0%         9d1       100%        6
 Statue Form              Tmut/Erth      0%         N/A       100%        6
 Dragon Form              Tmut           0%         N/A       100%        7
 Haunt                    Necr/Summ      0%         N/A       100%        7
 Malign Gateway           Summ/Tloc      0%         N/A       100%        7
 Monstrous Menagerie      Summ           0%         N/A       100%        7
 Orb of Destruction       Conj           0%         N/A       100%        7
 Spellforged Servitor     Conj/Summ      0%         N/A       100%        7
 Storm Form               Tmut/Air       0%         N/A       100%        7
 Summon Hydra             Summ           0%         N/A       100%        7
 Disjunction              Tloc           0%         N/A       100%        8
 Lehudib's Crystal Spear  Conj/Erth      0%         10d2      100%        8
 Summon Horrible Things   Summ           0%         N/A       100%        8
 Chain Lightning          Conj/Air       0%         N/A       100%        9
 Fire Storm               Conj/Fire      0%         5d1       100%        9
 Polar Vortex             Ice            0%         N/A       100%        9
 Shatter                  Erth           0%         3d5*      100%        9


Dungeon Overview and Level Annotations

Branches:
Dungeon (1/1)

Altars:
Ashenzari
Cheibriados
Dithmenos
Elyvilon
Fedhas
Gozag
Hepliaklqana
Kikubaaqudgha
Makhleb
Nemelex Xobeh
Okawaru
Qazlal
Ru
Sif Muna
Trog
Uskayaw
Vehumet
Wu Jian
Xom
Yredelemnul
Zin
The Shining One
Beogh
Jiyva
Lugonu

Annotations:
D Gloorx Vloq


Innate Abilities, Weirdness & Mutations

You have a pair of horns on your head.
You reflexively headbutt those who attack you in melee.


Message History

The Executioner gestures.
The Executioner seems to speed up.
The Executioner hits you but does no damage. x2
You block the Executioner's attack.
You carve the Executioner like a ham!!!
You kill the Executioner!
You are engulfed in dark miasma.
You are poisoned.
You feel very sick. Gloorx Vloq gestures at you. The foul vapour engulfs you!!
You closely miss Gloorx Vloq. Your headbutt misses Gloorx Vloq.
You are engulfed in dark miasma.
You are more poisoned.
You feel extremely sick. Gloorx Vloq gestures at you.
The foul vapour engulfs you!
You feel yourself slow down.
* * * LOW HITPOINT WARNING * * *
You closely miss Gloorx Vloq. You headbutt Gloorx Vloq!!
Gloorx Vloq is lightly wounded.
You are engulfed in dark miasma.
You feel as though you will be slow longer.
* * * LOW HITPOINT WARNING * * *
x2 You feel extremely sick.
Gloorx Vloq hits you but does no damage. x2
Unknown command.
Unknown command.
You feel better. Gloorx Vloq hits you!!
* * * LOW HITPOINT WARNING * * *
Gloorx Vloq calls on the powers of darkness!
Your body is wracked with pain!
* * * LOW HITPOINT WARNING * * *
Gloorx Vloq calls on the powers of darkness!
Your body is wracked with pain!
* * * LOW HITPOINT WARNING * * *
Unknown command.
You barely miss Gloorx Vloq. Your headbutt misses Gloorx Vloq.
Gloorx Vloq is lightly wounded.
Gloorx Vloq hits you but does no damage.
Gloorx Vloq hits you!
You die...

#+# #.# #&# #@#
#'# #.# #)# #.#
#'#
################'#
.................#
.....)........)..#


You could see Gloorx Vloq.

Vanquished Creatures
  An ancient lich (D)
  Mara (D)
  A Tzitzimitl (D)
  2 liches (D)
  A Hell Sentinel (D)
  A deep elf master archer (D)
  A titan (D)
  A sphinx (D)
  Kirke (D)
  2 shadow dragons (D)
  2 storm dragons (D)
  3 nagarajas (D)
  A fire giant (D)
  A frost giant (D)
  A draconian monk (D)
  2 draconian knights (D)
  2 deep elf sorcerers (D)
  2 ghost moths (D)
  Louise (D)
  An orc warlord (D)
  2 angels (D)
  2 spriggan defenders (D)
  2 white draconians (D)
  A deep elf demonologist (D)
  A green draconian (D)
  A minotaur (D)
  A deep elf annihilator (D)
  2 purple draconians (D)
  A yellow draconian (D)
  An eidolon (D)
  A mummy priest (D)
  2 ettins (D)
  A blizzard demon (D)
  A merfolk impaler (D)
  2 fire dragons (D)
  A yaktaur captain (D)
  A deep elf high priest (D)
  A great orb of eyes (D)
  2 naga warriors (D)
  A rakshasa (D)
  An ice dragon (D)
  2 vault guards (D)
  2 boulder beetles (D)
  A merfolk avatar (D)
  A hydra (D)
  A centaur warrior (D)
  A death yak (D)
  3 hell hogs (D)
  An orc high priest (D)
  2 vampire magi (D)
  A deep elf knight (D)
  An iron troll (D)
  A fire crab (D)
  A salamander mystic (D)
  2 sea snakes (D)
  A cherub (D)
  2 necromancers (D)
  8 orc knights (D)
  A lindwurm (D)
  A deep elf zephyrmancer (D)
  A manticore (D)
  A rust devil (D)
  2 elephants (D)
  2 molten gargoyles (D)
  A naga mage (D)
  2 cane toads (D)
  4 yaktaurs (D)
  An unseen horror (D)
  A kobold demonologist (D)
  2 ice devils (D)
  A freezing wraith (D)
  2 komodo dragons (D)
  A guardian mummy (D)
  A troll (D)
  A tyrant leech (D)
  A merfolk (D)
  4 dream sheep (D)
  A shadow (D)
  2 wraiths (D)
  A tarantella (D)
  3 redbacks (D)
  2 air elementals (D)
  A fire bat (D)
  2 steam dragons (D)
  A naga (D)
  6 vampire mosquitoes (D)
  A black bear (D)
  2 orc warriors (D)
  An ice beast (D)
  2 wolves (D)
  2 centaurs (D)
  2 kobold brigands (D)
  2 bullfrogs (D)
  2 gnoll sergeants (D)
  An earth elemental (D)
  A scorpion (D)
  A quasit (D)
  A gnoll shaman (D)
  A hound (D)
  An orc wizard (D)
  14 gnolls (D)
  4 river rats (D)
  A white imp (D)
  An adder skeleton (D)
  An adder simulacrum (D)
  4 orcs (D)
  A ball python (D)
  2 endoplasms (D)
  A goblin (D)
  2 hobgoblins (D)
  2 jackals (D)
  2 kobolds (D)
  2 quokkas (D)
  A ball python skeleton (D)
  3 ball python zombies (D)
  A bat simulacrum (D)
  2 frilled lizards (D)
  A quokka simulacrum (D)
  A quokka skeleton (D)
  A quokka zombie (D)
203 creatures vanquished.

Vanquished Creatures (collateral kills)
  A sphinx (D)
  A rockslime (D)
  An orc warlord (D)
  An angel (D)
  An ophan (D)
  An apis (D)
  A green death (D)
  A great orb of eyes (D)
  A fire dragon (D)
  A rakshasa (D)
  A merfolk avatar (D)
  2 naga warriors (D)
  A salamander mystic (D)
  A flayed ghost (D)
  A swamp dragon (D)
  5 orc knights (D)
  A wolf spider (D)
  A rust devil (D)
  2 naga magi (D)
  A demonic crawler (D)
  2 yaktaurs (D)
  3 merfolk (D)
  A polar bear (D)
  A wind drake (D)
  3 hogs (D)
  A chaos spawn (D)
  A steam dragon (D)
  4 nagas (D)
  An ice beast (D)
  2 wolves (D)
  A goblin (D)
46 creatures vanquished.

Vanquished Creatures (others)
  2 humans (D)
  A bat zombie (D)
  A ball python skeleton (D)
4 creatures vanquished.

Grand Total: 253 creatures vanquished

Notes
Turn   | Place    | Note
-------+----------+-------------------------------------------
     0 | D        | howech the Minotaur Gladiator began the quest for the Orb.
     0 | D        | Reached XP level 1. HP: 18/18 MP: 0/0
    30 | D        | Found a glowing golden altar of the Shining One.
    30 | D        | Found a glowing silver altar of Zin.
    30 | D        | Found a basalt altar of Yredelemnul.
    30 | D        | Found a shimmering altar of Xom.
    30 | D        | Found an ornate altar of the Wu Jian Council.
    30 | D        | Found a bloodstained altar of Trog.
    30 | D        | Found a shimmering blue altar of Sif Muna.
    30 | D        | Found a sacrificial altar of Ru.
    30 | D        | Found a stormy altar of Qazlal.
    30 | D        | Found an iron altar of Okawaru.
    30 | D        | Found a sparkling altar of Nemelex Xobeh.
    30 | D        | Found a burning altar of Makhleb.
    30 | D        | Found a viscous altar of Jiyva.
    30 | D        | Found a hazy altar of Hepliaklqana.
    30 | D        | Found an opulent altar of Gozag.
    30 | D        | Found a blossoming altar of Fedhas.
    30 | D        | Found a white marble altar of Elyvilon.
    30 | D        | Found a shadowy altar of Dithmenos.
    30 | D        | Found a snail-covered altar of Cheibriados.
    32 | D        | Found a corrupted altar of Lugonu.
    32 | D        | Found a radiant altar of Vehumet.
    33 | D        | Became a worshipper of Trog the Wrathful
    34 | D        | Found an ancient bone altar of Kikubaaqudgha.
    34 | D        | Found a hide-covered altar of Uskayaw.
    34 | D        | Found a broken altar of Ashenzari.
    49 | D        | Reached skill level 1 in Axes
    53 | D        | Reached skill level 1 in Armour
    53 | D        | Reached skill level 1 in Evocations
    53 | D        | Reached XP level 2. HP: 17/26 MP: 1/1
   160 | D        | Noticed a scorpion
   164 | D        | Killed a scorpion
   164 | D        | Reached * piety under Trog
   165 | D        | Reached skill level 2 in Axes
   165 | D        | Reached XP level 3. HP: 33/33 MP: 2/2
   165 | D        | Reached XP level 4. HP: 40/40 MP: 3/3
   168 | D        | Reached skill level 3 in Axes
   184 | D        | Reached ** piety under Trog
   257 | D        | Noticed a kobold brigand
   269 | D        | Reached *** piety under Trog
   282 | D        | Killed a kobold brigand
   282 | D        | Reached **** piety under Trog
   283 | D        | Reached skill level 5 in Fighting
   283 | D        | Reached skill level 4 in Axes
   283 | D        | Reached skill level 5 in Dodging
   283 | D        | Reached XP level 5. HP: 16/48 MP: 4/4
   294 | D        | Reached ***** piety under Trog
   425 | D        | Noticed a fire bat
   426 | D        | Killed a fire bat
   427 | D        | Reached skill level 5 in Axes
   427 | D        | Reached skill level 5 in Throwing
   427 | D        | Reached skill level 5 in Armour
   427 | D        | Reached XP level 6. HP: 43/57 MP: 5/5
   600 | D        | Noticed an ice beast
   602 | D        | Killed an ice beast
   617 | D        | Reached skill level 6 in Axes
   617 | D        | Reached XP level 7. HP: 25/64 MP: 6/6
   622 | D        | Received a gift from Trog
   821 | D        | Noticed a guardian mummy
   833 | D        | Killed a guardian mummy
   834 | D        | Reached skill level 10 in Staves
   834 | D        | Reached skill level 5 in Evocations
   901 | D        | Noticed a boulder beetle
   950 | D        | Killed a boulder beetle
   951 | D        | Reached skill level 7 in Axes
   951 | D        | Reached XP level 8. HP: 13/75 MP: 7/7
  1440 | D        | Noticed a cane toad
  1447 | D        | Reached skill level 8 in Axes
  1456 | D        | Killed a cane toad
  1456 | D        | Reached ****** piety under Trog
  1457 | D        | Reached XP level 9. HP: 24/83 MP: 8/8
  1731 | D        | Noticed a tyrant leech
  1740 | D        | Received a gift from Trog
  1747 | D        | Reached skill level 9 in Axes
  1751 | D        | Killed a tyrant leech
  1816 | D        | Noticed a freezing wraith
  1816 | D        | Noticed a deep elf zephyrmancer
  1826 | D        | Killed a freezing wraith
  1831 | D        | Killed a deep elf zephyrmancer
  1832 | D        | Reached skill level 10 in Fighting
  2165 | D        | Noticed a komodo dragon
  2173 | D        | Killed a komodo dragon
  2174 | D        | Reached skill level 10 in Axes
  2181 | D        | Noticed a molten gargoyle
  2191 | D        | Killed a molten gargoyle
  2191 | D        | Received a gift from Trog
  2192 | D        | Reached XP level 10. HP: 86/94 MP: 9/9
  2235 | D        | Reached skill level 10 in Armour
  2242 | D        | Killed a ghost moth
  2243 | D        | Reached skill level 11 in Axes
  2243 | D        | Reached skill level 10 in Dodging
  2634 | D        | Noticed a minotaur
  2634 | D        | Noticed a boulder beetle
  2642 | D        | Reached skill level 12 in Axes
  2656 | D        | Killed a minotaur
  2687 | D        | Killed a boulder beetle
  2687 | D        | Received a gift from Trog
  2688 | D        | Reached skill level 13 in Axes
  2688 | D        | Reached skill level 10 in Throwing
  2688 | D        | Reached XP level 11. HP: 41/104 MP: 10/10
  2973 | D        | Received a gift from Trog
  3103 | D        | Noticed a death yak
  3105 | D        | Noticed a great orb of eyes
  3107 | D        | Noticed a flayed ghost
  3109 | D        | Received a gift from Trog
  3119 | D        | Killed a death yak
  3123 | D        | Killed a great orb of eyes
  3124 | D        | Reached skill level 14 in Axes
  3130 | D        | Killed a flayed ghost
  3246 | D        | Got the +2 leather armour "Ogefoapp" {*Corrode rPois rC+++
                  | SInv}
  3354 | D        | Received a gift from Trog
  3365 | D        | Noticed a rakshasa
  3382 | D        | Killed a rakshasa
  3383 | D        | Reached skill level 10 in Evocations
  3608 | D        | Reached skill level 15 in Axes
  3608 | D        | Noticed an eidolon
  3624 | D        | Killed an eidolon
  3880 | D        | Noticed a merfolk impaler
  3882 | D        | Noticed an eight-headed hydra
  3903 | D        | Killed a merfolk impaler
  3903 | D        | Received a gift from Trog
  3913 | D        | Killed an eight-headed hydra
  3913 | D        | HP: 2/107 [merfolk (11)]
  3914 | D        | Reached XP level 12. HP: 2/115 MP: 11/11
  4337 | D        | Noticed a mummy priest
  4348 | D        | Killed a mummy priest
  4348 | D        | Received a gift from Trog
  4349 | D        | Reached skill level 16 in Axes
  4656 | D        | Noticed a naga warrior
  4656 | D        | Noticed a naga warrior
  4656 | D        | Noticed a green death
  4663 | D        | Killed a naga warrior
  4673 | D        | Killed a green death
  4674 | D        | Noticed a merfolk avatar
  4674 | D        | Killed a merfolk avatar
  4677 | D        | Received a gift from Trog
  4682 | D        | Killed a naga warrior
  4693 | D        | Identified the +2 ring mail of Incorporation {rCorr SInv}
  4693 | D        | Noticed a rakshasa
  4696 | D        | Killed a rakshasa
  4696 | D        | Identified the +12 executioner's axe "Mogiuts" {vorpal,
                  | rPois Str+5} (Trog gifted it to you in the Dungeon)
  4696 | D        | Received a gift from Trog
  4701 | D        | Noticed Kirke
  4702 | D        | Reached skill level 17 in Axes
  4720 | D        | Killed Kirke
  4720 | D        | Identified the +5 battleaxe "Nuof" {vorpal, Dex+2} (Trog
                  | gifted it to you in the Dungeon)
  4720 | D        | Received a gift from Trog
  4729 | D        | Killed a ghost moth
  4751 | D        | Identified the +4 arbalest of Articulation {vorpal, Fly
                  | rPois rN+ Str-2}
  4782 | D        | Reached skill level 18 in Axes
  5066 | D        | Noticed a centaur warrior
  5067 | D        | Identified the +0 lajatang "Akarosy" {vorpal, *Noise Str+2
                  | Int+3}
  5068 | D        | Identified the +5 halberd "Ajewucaru" {venom, Drain rPois
                  | rF+ Str+4}
  5072 | D        | Received a gift from Trog
  5074 | D        | Killed a centaur warrior
  5078 | D        | Reached skill level 15 in Fighting
  5079 | D        | Reached XP level 13. HP: 56/126 MP: 12/12
  5085 | D        | Received a gift from Trog
  5277 | D        | Noticed an orc warlord
  5277 | D        | Noticed an orc warlord
  5290 | D        | Reached skill level 15 in Armour
  5291 | D        | Reached skill level 19 in Axes
  5295 | D        | Received a gift from Trog
  5311 | D        | Killed an orc warlord
  5312 | D        | Reached skill level 20 in Axes
  5359 | D        | Killed an orc warlord
  5409 | D        | Identified the +8 lajatang "Ononn" {vorpal, Str+4 Stlth+}
                  | (Trog gifted it to you in the Dungeon)
  5409 | D        | Received a gift from Trog
  5410 | D        | Reached skill level 15 in Dodging
  5421 | D        | Noticed an apis
  5424 | D        | Reached skill level 21 in Axes
  5441 | D        | Killed an apis
  5441 | D        | Received a gift from Trog
  5442 | D        | Reached skill level 22 in Axes
  5514 | D        | Found the +7 lajatang of Order {silver, rMut}
  5519 | D        | Got the +5 battleaxe "Monniuti" {vorpal, Will+ Int+2}
  5569 | D        | Noticed an angel
  5582 | D        | Killed an angel
  5582 | D        | Received a gift from Trog
  5583 | D        | Reached skill level 23 in Axes
  5647 | D        | Got the +0 pair of boots of a Gauntlet {SInv}
  5883 | D        | Reached skill level 15 in Throwing
  5903 | D        | Noticed a deep elf master archer
  5904 | D        | Received a gift from Trog
  5914 | D        | Reached skill level 24 in Axes
  5918 | D        | Killed a deep elf master archer
  5918 | D        | Received a gift from Trog
  5919 | D        | Reached XP level 14. HP: 57/135 MP: 13/13
  6176 | D        | Noticed a frost giant
  6178 | D        | Paralysed by an air elemental for 1 turns
  6180 | D        | Noticed a nagaraja
  6185 | D        | Noticed a nagaraja
  6194 | D        | Reached skill level 25 in Axes
  6195 | D        | Killed a frost giant
  6195 | D        | Received a gift from Trog
  6206 | D        | Noticed a spriggan defender
  6208 | D        | Killed a nagaraja
  6209 | D        | Reached skill level 15 in Evocations
  6209 | D        | Killed a nagaraja
  6209 | D        | Noticed an angel
  6214 | D        | Received a gift from Trog
  6215 | D        | Reached skill level 26 in Axes
  6219 | D        | Killed a spriggan defender
  6230 | D        | Killed an angel
  6237 | D        | Received a gift from Trog
  6240 | D        | Noticed a storm dragon
  6246 | D        | Killed a storm dragon
  6247 | D        | Reached skill level 27 in Axes
  6247 | D        | Reached skill level 1 in Unarmed Combat
  6486 | D        | Noticed a fire giant
  6486 | D        | Noticed an angel
  6494 | D        | Killed an angel
  6494 | D        | Received a gift from Trog
  6495 | D        | Noticed a titan
  6506 | D        | Killed a titan
  6513 | D        | Killed a fire giant
  6573 | D        | Noticed a storm dragon
  6573 | D        | Noticed a shadow dragon
  6579 | D        | Noticed a shadow dragon
  6581 | D        | Noticed a rockslime
  6590 | D        | Killed a rockslime
  6591 | D        | Reached skill level 5 in Unarmed Combat
  6595 | D        | Noticed a spriggan defender
  6597 | D        | Killed a shadow dragon
  6598 | D        | Received a gift from Trog
  6599 | D        | Noticed Louise
  6603 | D        | Killed a storm dragon
  6609 | D        | Killed a shadow dragon
  6611 | D        | Killed a spriggan defender
  6617 | D        | Reached XP level 15. HP: 35/145 MP: 14/14
  6631 | D        | Killed Louise
  6631 | D        | Received a gift from Trog
  7102 | D        | Found the +8 demon trident "Rift" {distort, reach+}
  7370 | D        | Noticed a sphinx
  7374 | D        | Killed a sphinx
  7382 | D        | Noticed a purple draconian knight
  7393 | D        | Noticed a sphinx
  7396 | D        | Noticed a nagaraja
  7407 | D        | Killed a purple draconian knight
  7407 | D        | Received a gift from Trog
  7407 | D        | Killed a sphinx
  7410 | D        | Killed a nagaraja
  7473 | D        | Noticed a deep elf sorcerer
  7647 | D        | Received a gift from Trog
  7775 | D        | Noticed a lich
  7781 | D        | Killed a lich
  7919 | D        | Killed a deep elf sorcerer
  7926 | D        | Reached skill level 10 in Unarmed Combat
  7933 | D        | Received a gift from Trog
  8074 | D        | Received a gift from Trog
  8355 | D        | Noticed a white draconian monk
  8355 | D        | Noticed an ancient lich
  8366 | D        | Killed a white draconian monk
  8383 | D        | Killed an ancient lich
  8488 | D        | Noticed a lich
  8496 | D        | Received a gift from Trog
  8501 | D        | Killed a lich
  8502 | D        | Noticed a deep elf sorcerer
  8505 | D        | Noticed a yellow draconian knight
  8546 | D        | Killed a yellow draconian knight
  8580 | D        | Killed a deep elf sorcerer
  8580 | D        | Identified the +3 battleaxe of Killer Bee's Bane {vorpal,
                  | +Rage rPois rC+ Str-4} (Trog gifted it to you in the
                  | Dungeon)
  8580 | D        | Received a gift from Trog
  8717 | D        | Got an amulet "Quowaome" {Will+ Regen+ Int+4}
  8719 | D        | Got an amulet of the Lumpy Wishes {rF+ Regen+ Str+3 Slay+2}
  8721 | D        | Got the ring of Vanity {rPois MP+9 Str+6 Int-4}
  8723 | D        | Got the ring "Hiobby" {Will+ rCorr AC+6}
  8725 | D        | Got the ring of Qejidydi {Fly rC+ rN+ Will+ Int-3}
  8727 | D        | Got the ring "Rosmocs" {Wiz rF+ Str-4 Dex+4}
  8729 | D        | Got the ring of Uqaecik {rN+ Will+ rCorr EV+6}
  8731 | D        | Got the ring of the Prince {rPois rCorr Str+3 Int+4}
  8743 | D        | Got the amulet of Mifox {Reflect -Cast rC+ Dex+3 SH+5}
  8745 | D        | Got the amulet of Wacorph {Spirit Contam Int+5}
  8747 | D        | Got the amulet "Racuc" {Reflect -Tele rPois rF+ Slay+5
                  | SH+5}
  8749 | D        | Got the ring of Ummur {+Blink rC+}
  8752 | D        | Got the ring "Uwem" {AC+6 SInv}
  8755 | D        | Got the ring "Agaek" {rElec rC+ Int+3 Dex-4 Stlth+}
  8757 | D        | Got the amulet "Zuox" {Reflect rC+ Int+3 SH+5 SInv}
  8759 | D        | Got the amulet "Yshag" {Spirit Will- Dex+3 SInv}
  8762 | D        | Got the amulet of Xaskosag {Faith Will+ Int-2 Dex+8 SInv}
  8765 | D        | Got an amulet "Loapozonk" {rF+ rC+ Regen+ Stlth+}
  8768 | D        | Got the ring of Woyroas {Fly rPois rF- Str+6 Int-5}
  8773 | D        | Got the amulet "Doywa" {Reflect rPois Int-3 Dex+4 SH+5}
  8776 | D        | Got the ring of Pyegh {rF+ rC+ rN+ Dex+3}
  8826 | D        | Got the Tome of the Rocks
  8834 | D        | Got The Lost Catalogue of the Archmage
  8836 | D        | Got the Reference Book on Ghastly Hexes
  8844 | D        | Got the Disquisition on Moulding
  8900 | D        | Noticed a Hell Sentinel
  8906 | D        | Killed a Hell Sentinel
  9023 | D        | Noticed Mara
  9027 | D        | Killed Mara
  9028 | D        | Reached XP level 16. HP: 130/161 MP: 15/15
  9051 | D        | Noticed a Tzitzimitl
  9054 | D        | Killed a Tzitzimitl
  9175 | D        | Noticed Gloorx Vloq
  9176 | D        | Noticed an Executioner
  9178 | D        | Noticed an Executioner
  9186 | D        | HP: 6/162 [??? (4)]
  9187 | D        | Slain by Gloorx Vloq

Illustrated notes

Levels and vault maps discovered:
D:        pitsprint [storerooms_1, entrance_room_1, metal_vault_2, armoury_2,
          mini_pit_1, grid_room_1, main_hall_1, silver_pit, the_coven_2,
          the_vestibule_1, steel_vault_4, golden_pit, hallway_of_sentries,
          crystal_vault_1, iron_vault_4, final_vault]

Skill      XL: |  1  2  3  4  5  6  7  8  9 10 11 12 13 14 15 16 |
---------------+-------------------------------------------------+-----
Axes           | 1 2 4 5 6 7 8 10 13 15 18 24 27 | 27.0
Staves         | 4 6 7 9 11 12 14 | 14.0
Fighting       | 3 4 5 6 8 9 10 11 13 15 16 19 | 19.7
Armour         | 1 2 4 5 6 7 8 9 11 13 14 15 16 20 | 20.3
Evocations     | 1 2 3 4 6 7 9 10 11 14 15 17 18 | 18.0
Throwing       | 3 4 5 7 8 10 11 13 15 16 18 | 18.5
Dodging        | 4 5 6 8 9 11 12 14 15 16 18 19 | 19.1
Unarmed Combat | 7 13 | 13.3

Action                   |  1- 3 |  4- 6 |  7- 9 | 10-12 | 13-15 | 16-18 || total
-------------------------+-------+-------+-------+-------+-------+-------++-------
Melee: Quarterstaff      |    10 |    49 |    96 |   143 |       |       ||   298
       Headbutt          |     2 |     6 |    38 |    61 |    65 |     6 ||   178
       Executioner's axe |       |       |       |    39 |   266 |    14 ||   319
Throw: Throwing net      |     2 |     1 |     3 |       |       |       ||     6
       Dart              |       |       |     1 |     3 |     5 |       ||     9
       Javelin           |       |       |       |    29 |     8 |       ||    37
Invok: Trog's Hand       |       |     1 |       |     3 |    11 |     1 ||    16
       Brothers in Arms  |       |       |       |     8 |    10 |       ||    18
       Berserk           |       |       |       |       |     1 |       ||     1
Evoke: Wand              |       |       |       |       |     1 |       ||     1
  Use: Potion            |       |     1 |     2 |     7 |     5 |     1 ||    16
       Scroll            |       |       |       |     6 |     1 |       ||     7
 Stab: Held in net/web   |     1 |       |     1 |       |       |       ||     2
       Distracted        |       |       |       |     4 |     2 |       ||     6
Armor: Plate armour      |       |    10 |    23 |   135 |   109 |       ||   277
       Gold dragon scale |       |       |       |       |    30 |    17 ||    47
Dodge: Dodged            |     5 |    12 |    29 |    74 |   181 |     6 ||   307
Block: Other             |       |       |       |       |       |     1 ||     1

Table legend: (Time is in decaauts)
 A = Elapsed time spent in this place.
 B = Non-inter-level travel time spent in this place.
 C = Inter-level travel time spent in this place.
 D = Time resting spent in this place.
 E = Time spent auto-exploring this place.
 F = Levels seen in this place.
 G = Mean time per level.
                   A        B        C        D        E       F      G
               +--------+--------+--------+--------+--------+-----+--------+
         Total |   9039 |   8934 |    105 |   5840 |      0 |   1 | 9039.0 |
       Dungeon |   9039 |   8934 |    105 |   5840 |      0 |   1 | 9039.0 |
               +--------+--------+--------+--------+--------+-----+--------+

Top non-repeatable levels by time:
       D: 9039 daAuts
